 Dungeon Crawl Stone Soup version 0.26-a0-708-g17f3b190f9 (webtiles) character file.

Game seed: 2352274732409377486

3064 jasper the Martial Artist (level 10, -5/61 HPs)
             Began as a Kobold Arcane Marksman on Oct 27, 2020.
             Slain by an orc warrior
             ... wielding a +0 flail
              (12 damage)
             ... on level 6 of the Dungeon.
             The game lasted 00:17:50 (7505 turns).

jasper the Martial Artist (Kobold Arcane Marksman)  Turns: 7505, Time: 00:17:51

Health: -5/61      AC:  5    Str:  7    XL:     10   Next: 12%
Magic:  11/11      EV: 20    Int: 17    God:
Gold:   329        SH:  0    Dex: 17    Spells: 11/11 levels left

rFire    . . .     SeeInvis .     - Unarmed
rCold    . . .     Faith    .   (shield restricted)
rNeg     . . .     Spirit   .   a - +0 robe
rPois    +         Reflect  .   r - +0 helmet
rElec    .         Harm     .   (no cloak)
rCorr    .         Rampage  .   k - +0 pair of gloves
MR       .....                  d - +0 pair of boots
Stlth    ++++......             l - amulet of regeneration
HPRegen  0.60/turn              b - ring of poison resistance
MPRegen  0.12/turn              (no ring)

@: no status effects
A: small, nightstalker 3
a: no special abilities


You were on level 6 of the Dungeon.
You visited 2 branches of the dungeon, and saw 8 of its levels.

You collected 329 gold pieces.

Inventory:

Missiles
 c - a boomerang
 i - 19 poisoned darts (quivered)
 u - 187 stones
Armour
 a - a +0 robe (worn)
 d - a +0 pair of boots (worn)
 k - a +0 pair of gloves (worn)
 r - a +0 helmet (worn)
Jewellery
 b - a ring of poison resistance (left hand)
 h - an uncursed amulet of magic regeneration {unknown}
 l - an amulet of regeneration (around neck)
 s - an uncursed amulet of regeneration
 y - an uncursed amulet of magic regeneration {unknown}
Wands
 m - a wand of iceblast (8)
Scrolls
 e - 6 scrolls of remove curse
 f - 2 scrolls of enchant armour
 g - a scroll of fog
 j - 2 scrolls of immolation
 q - a scroll of enchant weapon
Potions
 t - 3 potions of magic
 w - a potion of degeneration


   Skills:
 + Level 6.3 Fighting
 - Level 2.1 Throwing
 + Level 7.4 Dodging
 - Level 3.8 Stealth
 * Level 10.1 Unarmed Combat
 - Level 1.1 Spellcasting
   Level 3.0 Hexes


You had 11 spell levels left.
You didn't know any spells.
Your spell library contained the following spells:

 Spells                   Type           Power        Failure   Level
 Corona                   Hex            ##.....      6%          1
 Slow                     Hex            ##......     10%         2
 Inner Flame              Hex/Fire       #.......     34%         3
 Portal Projectile        Hex/Tloc       #.....       34%         3
 Cause Fear               Hex            ##........   52%         4
 Leda's Liquefaction      Hex/Erth       #.........   75%         4


Dungeon Overview and Level Annotations

Branches:
Dungeon (7/15)             Temple (1/1) D:6

Altars:
Ashenzari
Dithmenos
Elyvilon
Fedhas
Gozag
Hepliaklqana
Kikubaaqudgha
Nemelex Xobeh
Okawaru
Qazlal
Ru
Sif Muna
Trog
Uskayaw
Wu Jian
Xom
Yredelemnul
Zin
The Shining One

Shops:
D:5 =

Annotations:
D:2 Sigmund
D:6 Maggie


Innate Abilities, Weirdness & Mutations

You are small and have problems with some larger weapons.
You are completely attuned to the shadows.


Message History

Your memory of Corona unravels.
The orc warrior hits you with a +0 flail!
You take 16 damage, and have 31/61 hp.
MASSIVE DAMAGE!!
Evoke which item? (* to show all) (? for menu, Esc to quit)
Okay, then.
You feel better.
The orc warrior hits you with a +0 flail!!
Ouch! That really hurt!
* * * LOW HITPOINT WARNING * * *
You take 29 damage, and have 2/61 hp.
MASSIVE DAMAGE!!
As you read the scroll of fear, it crumbles to dust.
You assume a fearsome visage.
The adder looks frightened!
The orc warrior misses you. The orc warrior completely misses you.
There is a stone staircase leading up here.
The orc warrior barely misses you. The orc warrior misses you.
You climb upwards.
Level annotation: Maggie
There is a stone staircase leading down, spattered with blood here.
The orc warrior hits you with a +0 flail!
You die...

###......# #)# ###...######
#.# #####...### ##.########
#.....### ##.......... ..#####
##..#........ .## #####
#..##........ .########...
##.#####.#####
......##..##########..# #...#
.####.........[.@o##.## #.###
.######.#########.>..####.####
#.......##...#####).###......#
..PPP......_..............†..#
#.._...........#..####..(.<..#
..P..............## ##..######
........_..♣....## ##......
...####........)####..#.#..
##†# ##....._.....).##....


You could see an orc warrior (berserk).

Vanquished Creatures
  4 humans (D:6)
  Edmund (D:6)
  Duvessa (D:6)
  A sky beast (D:6)
  An orc warrior (D:7)
  2 black bears (D:6)
  2 ogres
  2 centaurs
  A gnoll sergeant (D:4)
  3 bullfrogs
  Dowan (D:6)
  A scorpion (D:5)
  A howler monkey (D:4)
  A bullfrog zombie (D:6)
  4 hounds
  2 orc priests
  9 orc wizards
  Jessica (D:3)
  2 iguanas (D:4)
  Natasha (thrice) (D:3)
  Terence (D:3)
  11 worker ants
  A hound skeleton (D:6)
  A worker ant zombie (D:6)
  Robin (D:3)
  3 gnolls (D:4)
  7 adders
  3 river rats (D:4)
  A shadow imp (D:5)
  An adder zombie (D:5)
  An adder skeleton (D:6)
  2 worms
  A dart slug (D:1)
  5 leopard geckos
  23 orcs
  5 bats
  7 giant cockroaches
  16 goblins
  13 hobgoblins
  7 jackals
  2 quokkas
  4 ball pythons
  4 frilled lizards
  A jackal skeleton (D:6)
  13 kobolds
  2 leopard gecko skeletons
  11 rats
190 creatures vanquished.

Notes
Turn   | Place    | Note
-------+----------+-------------------------------------------
     0 | D:1      | jasper the Kobold Arcane Marksman began the quest for the
                  | Orb.
     0 | D:1      | Reached XP level 1. HP: 12/12 MP: 2/2
    49 | D:1      | Reached skill level 1 in Stealth
    95 | D:1      | Reached XP level 2. HP: 16/16 MP: 3/3
   100 | D:1      | Reached skill level 1 in Unarmed Combat
   251 | D:1      | Reached XP level 3. HP: 20/20 MP: 4/4
   992 | D:2      | Reached skill level 2 in Unarmed Combat
  1333 | D:2      | Noticed Sigmund
  1663 | D:2      | Reached XP level 4. HP: 23/25 MP: 5/5
  1693 | D:3      | Noticed Jessica
  1701 | D:3      | Killed Jessica
  1759 | D:3      | Noticed Natasha
  1951 | D:3      | Noticed Robin
  2079 | D:3      | Noticed Terence
  2088 | D:2      | Reached skill level 3 in Unarmed Combat
  2139 | D:2      | Reached XP level 5. HP: 23/29 MP: 6/6
  2243 | D:3      | Reached skill level 4 in Unarmed Combat
  2277 | D:3      | Found a shimmering altar of Xom.
  2371 | D:3      | Killed Terence
  2469 | D:4      | Reached XP level 6. HP: 34/34 MP: 7/7
  2708 | D:3      | Reached skill level 5 in Unarmed Combat
  2934 | D:3      | Killed Natasha
  2963 | D:3      | Killed Robin
  3085 | D:3      | Noticed Natasha
  3096 | D:3      | Killed Natasha
  3212 | D:3      | Noticed Natasha
  3222 | D:3      | Killed Natasha
  3597 | D:4      | Reached XP level 7. HP: 38/38 MP: 8/8
  3666 | D:4      | Reached skill level 6 in Unarmed Combat
  3882 | D:4      | Found a shimmering blue altar of Sif Muna.
  4677 | D:4      | Found a blossoming altar of Fedhas.
  4677 | D:4      | Found a glowing golden altar of the Shining One.
  4803 | D:4      | Reached XP level 8. HP: 32/45 MP: 9/9
  4941 | D:4      | Reached skill level 7 in Unarmed Combat
  4972 | D:4      | Found a blossoming altar of Fedhas.
  5106 | D:5      | Entered Level 5 of the Dungeon
  5433 | D:5      | Found a sparkling altar of Nemelex Xobeh.
  5506 | D:5      | Found Riapoyna's Jewellery Shop.
  5671 | D:5      | Found a basalt altar of Yredelemnul.
  5700 | D:5      | Reached skill level 5 in Dodging
  5755 | D:5      | Reached skill level 8 in Unarmed Combat
  6182 | D:6      | Noticed Edmund
  6208 | D:6      | Killed Edmund
  6208 | D:6      | Reached XP level 9. HP: 49/52 MP: 10/10
  6263 | D:6      | Found a staircase to the Ecumenical Temple.
  6264 | D:6      | Noticed Duvessa
  6264 | D:6      | Noticed Dowan
  6274 | D:6      | Killed Duvessa
  6274 | D:6      | Reached skill level 5 in Fighting
  6277 | D:6      | Killed Dowan
  6282 | Temple   | Entered the Ecumenical Temple
  6437 | D:6      | Found a bloodstained altar of Trog.
  6443 | D:6      | Reached skill level 9 in Unarmed Combat
  6464 | D:6      | Found an iron altar of Okawaru.
  6468 | D:6      | Found an opulent altar of Gozag.
  6473 | D:6      | Found a broken altar of Ashenzari.
  6909 | D:6      | Noticed Maggie
  7242 | D:6      | Reached XP level 10. HP: 21/60 MP: 11/11
  7405 | D:7      | Reached skill level 10 in Unarmed Combat
  7498 | D:7      | HP: 2/61 [orc warrior/+0 flail (35)]
  7505 | D:6      | Slain by an orc warrior

Illustrated notes

Levels and vault maps discovered:
D:1:      tarquinn_simple_flora_water_a, layout_rooms,
          minmay_misc_feat_secret_circle, minmay_large_rounded_square
D:2:      layout_basic, minmay_domino_4, uniq_sigmund
D:3:      layout_rooms, wad_floor_pattern_untrapped, st_stairs_13,
          minmay_misc_feat_iff, xom_teletrap_fun, uniq_jessica, uniq_terence,
          uniq_natasha, uniq_robin
D:4:      layout_gridville, kennysheep_mini_moat, minitemple,
          portal_sewer_entry_e, fedhas_ov_isle_minmay
D:5:      layout_basic, overflow_temple_1_default, yredelemnul_altar_generic,
          serial_shops, nicolae_shop_statue_plus
D:6:      layout_rooms, trog_ov_bears_minmay, lemuel_coloured_pillars_altar,
          grunt_temple_overflow_open, minmay_temple_entry_arrows,
          minmay_ruffians, uniq_duvessa, uniq_edmund, uniq_maggie
D:7:      layout_cave_pools, grunt_temple_overflow_lords_of_destruction,
          minmay_between
Temple:   nicolae_temple_figure_zero

Skill      XL: |  1  2  3  4  5  6  7  8  9 10 |
---------------+-------------------------------+-----
Stealth        | 1 2 3 |  3.8
Unarmed Combat | 1 2 3 4 5 6 8 9 10 | 10.1
Dodging        | 3 5 7 |  7.4
Fighting       | 2 4 6 |  6.3
Throwing       | |  2.1
Spellcasting   | |  1.1
Hexes          | |  3.0

Action                   |  1- 3 |  4- 6 |  7- 9 | 10-12 || total
-------------------------+-------+-------+-------+-------++-------
Melee: Unarmed           |    17 |   238 |   477 |    46 ||   778
       Punch             |       |     4 |    14 |     2 ||    20
Throw: Boomerang         |    93 |    59 |    11 |       ||   163
       Throwing net      |     1 |     1 |     3 |       ||     5
       Dart              |       |    33 |    57 |    13 ||   103
       Stone             |       |       |     5 |       ||     5
 Cast: Corona            |       |     3 |       |       ||     3
Evoke: Wand              |       |       |     6 |       ||     6
  Use: Potion            |       |     5 |     6 |     2 ||    13
       Scroll            |       |       |    10 |     4 ||    14
 Stab: Sleeping          |       |     1 |    12 |       ||    13
       Held in net/web   |       |       |     2 |       ||     2
Armor: Robe              |     3 |    44 |    49 |     5 ||   101
       Skin              |       |       |    50 |       ||    50
Dodge: Dodged            |    34 |   228 |   315 |    45 ||   622

Table legend: (Time is in decaauts)
 A = Elapsed time spent in this place.
 B = Non-inter-level travel time spent in this place.
 C = Inter-level travel time spent in this place.
 D = Time resting spent in this place.
 E = Time spent auto-exploring this place.
 F = Levels seen in this place.
 G = Mean time per level.
                   A        B        C        D        E       F      G
               +--------+--------+--------+--------+--------+-----+--------+
         Total |   7486 |   7170 |    316 |   1414 |   3799 |   8 |  935.8 |
       Dungeon |   7352 |   7045 |    307 |   1414 |   3676 |   7 | 1050.3 |
        Temple |    133 |    124 |      9 |      0 |    123 |   1 |  133.0 |
               +--------+--------+--------+--------+--------+-----+--------+

Top non-repeatable levels by time:
     D:4: 1867 daAuts
     D:3: 1369 daAuts
     D:2: 1099 daAuts
     D:1: 954 daAuts
     D:6: 952 daAuts
     D:5: 900 daAuts
     D:7: 208 daAuts
  Temple: 133 daAuts
